 Dungeon Crawl Stone Soup version 0.30.1-11-g7821555f0a (webtiles) character file.

Game seed: 14480185786077334839

129836 Kallu the Eclecticist (level 16, 0/133 HPs)
             Began as a Demigod Conjurer on Jan 1, 2024.
             Killed from afar by a deep elf annihilator (37 damage)
             ... with a poison arrow
             ... on level 3 of the Elven Halls.
             The game lasted 01:37:39 (40119 turns).

Kallu the Eclecticist (Demigod Conjurer)           Turns: 40119, Time: 01:37:39

Health: 0/133      AC: 11    Str: 12    XL:     16   Next: 4%
Magic:  33/41      EV: 15    Int: 42    God:
Gold:   1462       SH:  0    Dex: 12    Spells: 4/46 levels left

rFire   + + .        b - staff of fire
rCold   + . .        (no shield)
rNeg    . . .        Y - +3 leather armour {rF+}
rPois   .            j - +1 hat
rElec   .            s - +0 cloak
rCorr   .            g - +0 pair of gloves
SInv    .            C - +0 pair of boots
Will    +....        N - amulet of magic regeneration
Stlth   +++          z - +6 ring of intelligence
HPRegen 0.42/turn    Q - ring of protection from cold
MPRegen 0.67/turn

%: no passive effects
@: lethally poisoned (0 -> -20), very slightly contaminated, studying Axes
A: high MP 1, forlorn, divine attributes
a: no special abilities


You were on level 3 of the Elven Halls.
You visited 4 branches of the dungeon, and saw 24 of its levels.
You also visited: Ossuary, Ice Cave and Volcano.

You collected 2326 gold pieces.
You spent 864 gold pieces at shops.

Inventory:

Hand Weapons
 a - a +3 demon whip of flaming
Missiles
 K - 7 throwing nets
Armour
 g - a +0 pair of gloves (worn)
 j - a +1 hat (worn)
 s - a +0 cloak (worn)
 C - a +0 pair of boots (worn)
 Y - a +3 leather armour of fire resistance (worn)
Magical Staves
 b - a staff of fire (weapon)
 d - a staff of cold
 t - the staff of cold "Vucet" {*Corrode +Blink rPois rC+ Stlth+}
   (You found it on level 1 of the Orcish Mines)

   [staff of cold]

   Base accuracy: +5 Base damage: 5 Base attack delay: 1.2 This weapon's minimum
   attack delay (0.6) is reached at skill level 12.
   rC:        It protects you from cold.
   rPois:     It protects you from poison.
   +Blink:    It lets you blink.
   *Corrode:  It may corrode you when you take damage.
   Stlth:     It makes you more stealthy.
   It falls into the 'Staves' category.
   It is a one-handed weapon.
 P - a staff of earth
Jewellery
 o - a ring of flight
 z - a +6 ring of intelligence (left hand)
 N - an amulet of magic regeneration (around neck)
 Q - a ring of protection from cold (right hand)
 T - a ring of wizardry
Wands
 c - a wand of quicksilver (14)
 r - a wand of digging (4)
 w - a wand of flame (31)
 y - a wand of polymorph (9)
 L - a wand of mindburst (32)
 O - a wand of roots (18)
 S - a wand of charming (13)
Scrolls
 i - 3 scrolls of brand weapon
 l - a scroll of immolation
 v - 4 scrolls of poison
 x - a scroll of identify
 A - 2 scrolls of vulnerability
 D - 3 scrolls of magic mapping
 G - 2 scrolls of butterflies
 H - 3 scrolls of silence
 J - 8 scrolls of fear
 R - 2 scrolls of enchant armour
 U - 4 scrolls of teleportation
 V - 4 scrolls of torment
 W - 3 scrolls of amnesia
 X - 4 scrolls of fog
Potions
 e - 6 potions of brilliance
 f - 3 potions of haste
 h - 3 potions of magic
 k - 2 potions of cancellation
 m - 15 potions of curing
 n - 2 potions of invisibility
 p - 7 potions of mutation
 q - 9 potions of heal wounds
 u - 5 potions of lignification
 B - a potion of flight
 E - 7 potions of might
 I - a potion of berserk rage
 Z - 3 potions of ambrosia
Miscellaneous
 F - a phial of floods
 M - a condenser vane


   Skills:
 - Level 9.6 Fighting
 - Level 4.0 Armour
 + Level 9.3 Dodging
 - Level 5.0 Stealth
 - Level 15.5 Spellcasting
 - Level 11.5 Conjurations
 - Level 4.0 Summonings
 - Level 2.0 Translocations
 - Level 6.0 Fire Magic
 - Level 8.0 Air Magic
 * Level 8.0 Earth Magic
 - Level 2.0 Evocations


You had 4 spell levels left.
You knew the following spells:

 Your Spells              Type           Power      Damage    Failure   Level
a - Magic Dart            Conj           100%       1d8       0%          1
b - Searing Ray           Conj           100%       2d8       0%          2
c - Swiftness             Air            79%        N/A       1%          3
d - Iskenderun's Mystic   Conj/Tloc      74%        2d15      1%          4
e - Blink                 Tloc           98%        N/A       1%          2
f - Airstrike             Air            39%        2d(6-22)  1%          4
g - Irradiate             Conj/Tmut      34%        3d23      2%          5
h - Starburst             Conj/Fire      51%        6d14      4%          6
i - Passage of Golubria   Tloc           49%        N/A       4%          4
j - Arcjolt               Conj/Air       43%        1d53      1%          5
k - Iron Shot             Conj/Erth      43%        9d8       3%          6

Your spell library contained the following spells:

 Spells                   Type           Power      Damage    Failure   Level
 Freeze                   Ice            100%       1d10      1%          1
 Kiss of Death            Conj/Necr      100%       2d13      1%          1
 Shock                    Conj/Air       100%       1d9       1%          1
 Summon Small Mammal      Summ           100%       N/A       1%          1
 Cigotuvi's Dreadful Rot  Necr/Pois/Air  100%       N/A       1%          2
 Lesser Beckoning         Tloc           98%        N/A       1%          2
 Momentum Strike          Conj/Tloc      100%       3d10      1%          2
 Scorch                   Fire           100%       2d9       1%          2
 Call Canine Familiar     Summ           60%        N/A       1%          3
 Dazzling Flash           Conj/Hex       100%       N/A       1%          3
 Hailstorm                Conj/Ice       69%        3d14      1%          3
 Summon Guardian Golem    Hex/Summ       49%        N/A       1%          3
 Vhi's Electric Charge    Tloc/Air       100%       N/A       1%          3
 Flame Wave               Conj/Fire      100%       2d21      1%          4
 Fulminant Prism          Conj/Hex       34%        3d16      1%          4
 Confusing Touch          Hex            32%        N/A       3%          3
 Frozen Ramparts          Ice            64%        1d10      3%          3
 Tukima's Dance           Hex            32%        N/A       3%          3
 Summon Ice Beast         Ice/Summ       49%        N/A       4%          4
 Dispel Undead            Necr           32%        3d14      11%         4
 Ice Form                 Ice/Tmut       32%        N/A       11%         4
 Iskenderun's Battlesphe  Conj           92%        2d14      1%          5
 Borgnjor's Vile Clutch   Necr/Erth      30%        N/A       6%          5
 Plasma Beam              Fire/Air       47%        2x1d68    10%         6
 Blade Hands              Tmut           16%        N/A       30%         5
 Yara's Violent Unravell  Hex/Tmut       16%        3d8       30%         5
 Spellforged Servitor     Conj/Summ      39%        N/A       36%         7
 Simulacrum               Ice/Necr       16%        N/A       86%         6
 Malign Gateway           Summ/Tloc      27%        N/A       95%         7
 Dragon Form              Tmut           16%        N/A       100%        7
 Borgnjor's Revivificati  Necr           16%        N/A       100%        8
 Summon Horrible Things   Summ           30%        N/A       100%        8


Dungeon Overview and Level Annotations

Branches:
Dungeon (14/15)            Temple (0/1) D:4            Lair (5/5) D:10
 Shoals (0/4) Lair:2       Spider (0/4) Lair:2        Slime (0/5) Lair:5
    Orc (2/2) D:9             Elf (3/3) Orc:2        Vaults (0/5) D:14
Ossuary (visited)           IceCv (visited)         Volcano (visited)

Shops:
D:2 :   D:4 !   Orc:1 (   Orc:2 !*((:   Elf:3 *

Portals:
Trove: Elf:3 (give 14 potions of heal wounds)

Annotations:
D:13 2 transporters
D:14 1 transporter, Frances; Lodul; jaiteiro's ghost, journeyman DEEE
Elf:2 5 runed translucent doors


Innate Abilities, Weirdness & Mutations

You have an increased reservoir of magic. (+10% MP)
You shall have no god before yourself.
Your divine heritage dramatically boosts your attributes as you level up.


Message History

Confirm with . or Enter, or press ? or * to list all spells.
You erupt in a fountain of uncontrolled magic!
The deep elf annihilator is blasted with magical radiation!!
The deep elf annihilator is heavily wounded.
The deep elf annihilator twists and deforms.
You are very lightly contaminated with residual magic.
You feel sick.
The deep elf annihilator closely misses you.
Casting: Irradiate (mildly dangerous; 2% risk of failure)
Confirm with . or Enter, or press ? or * to list all spells.
You erupt in a fountain of uncontrolled magic!
The deep elf annihilator is blasted with magical radiation!!!
You kill the deep elf annihilator!
You feel sick.
Your Earth Magic skill increases to level 8!
You feel sick.
Things that are here:
a +0 rapier; a +0 leather armour; an elf corpse You start resting.
You feel sick. x5
You are no longer poisoned.
You start resting.
A deep elf annihilator comes into view.
It is wielding a +0 trident of protection.
Aiming: Airstrike (safe; 1% risk of failure)
Press: ? - help, Q - select action, (/) - cycle Dir - move target, f - deep elf annihilator
Aim: a deep elf annihilator, wielding a +0 trident of protection and wearing a +2 robe (wandering, hasn't noticed you, empty space bonus: 4/8)
Okay, then.
The deep elf annihilator shouts!
There is a stone staircase leading up here.
Aiming: Airstrike (safe; 1% risk of failure)
Press: ? - help, Q - select action, (/) - cycle Dir - move target, f - deep elf annihilator
Aim: a deep elf annihilator, wielding a +0 trident of protection and wearing a +2 robe (empty space bonus: 8/8)
The air twists around and strikes the deep elf annihilator!!
The deep elf annihilator is moderately wounded.
The deep elf annihilator points at you and mumbles some strange words.
The iron shot hits you!!!
* * * LOW HITPOINT WARNING * * *
The deep elf annihilator points at you and mumbles some strange words.
The poison arrow hits you!!!
You are poisoned.
You die...

##.#
#.##*....e...........#
#.# #.#
*#)##............## #.#
#.# #.# ##..........#
#.# #.# #.#
#....)...... #.# #.#
##)## #...........
#.#######.###...##
#..###......
#.........##.)...###.##
##....#
##.#.######.........##
##..##
#....####...)@..e..#
##.##
#.......'.........##
#...
##....####.........##
##.## #..#.##
##.......#.## ##.##
#.#### ##.....###.##
##.## #.# ##^..##
#..###..# #.#
#########'## ###...###
#.# #.....# #.# ##.##
#.# ##.....###.### #.#


You could see a deep elf annihilator.

Vanquished Creatures
  The ghost of Udulij the Warrior, a journeyman MiFi of Trog (Orc:1)
  A deep elf elementalist (Elf:3)
  2 orc warlords (Orc:2)
  An ironbound preserver (D:14)
  2 deep elf demonologists
  2 deep elf annihilators
  A dire elephant (Lair:5)
  Azrael (D:14)
  A deep elf death mage (Elf:1)
  A deep elf high priest (Elf:3)
  2 catoblepae
  Harold (Orc:1)
  An ice dragon (D:11)
  4 hydras
  Erolcha (D:12)
  7 centaur warriors
  8 two-headed ogres
  4 boulder beetles
  15 dancing weapons
  2 tengu warriors
  3 orc high priests (Orc:2)
  6 death yaks
  5 large abominations (Elf:1)
  6 deep elf knights
  A hell knight (Volcano)
  A skyshark (Lair:4)
  A pharaoh ant (Lair:2)
  12 deep elf zephyrmancers
  4 lindwurms
  17 deep elf pyromancers
  A necromancer (Elf:1)
  6 deep elf archers
  5 orc knights
  7 manticores
  8 cyclopes
  6 orc sorcerers
  4 ugly things
  2 ice statues (IceCv)
  7 elephants
  A black mamba (Lair:2)
  2 molten gargoyles (Volcano)
  3 torpor snails (Lair:5)
  7 cane toads
  A gargoyle (D:11)
  Maggie (D:9)
  A yaktaur (Volcano)
  A kobold demonologist (D:11)
  7 rime drakes
  An efreet (D:14)
  A freezing wraith (D:9)
  4 komodo dragons
  3 tengu conjurers (D:14)
  4 meliai (D:14)
  A queen bee (Lair:2)
  5 trolls
  A tarantella (Lair:2)
  8 polar bears
  5 dream sheep (Lair:5)
  16 blink frogs
  Prince Ribbit (D:7)
  2 hornets
  Sigmund (D:5)
  2 jumping spiders (Lair:2)
  6 shadows
  5 wyverns
  19 slime creatures
  A yak (shapeshifter) (D:14)
  7 air elementals
  40 yaks
  2 fire bats (Volcano)
  A vampire (D:14)
  8 basilisks
  2 wraiths
  5 water elementals
  10 fire elementals
  12 vampire mosquitoes
  A steam dragon (D:9)
  2 wargs (Orc:2)
  3 acid dragons
  11 water moccasins
  4 hell hounds
  27 orc warriors
  An ice beast (D:6)
  A sky beast (D:7)
  A meliai simulacrum (D:14)
  11 ogres
  9 wolves
  6 centaurs
  2 phantoms (D:9)
  3 kobold brigands
  3 elf zombies (Elf:1)
  10 scorpions
  7 bullfrogs
  A gnoll sergeant (D:5)
  3 cane toad simulacra (IceCv)
  3 earth elementals
  27 wights
  3 troll zombies (D:9)
  42 killer bees
  An elephant simulacrum (IceCv)
  A howler monkey (D:10)
  4 electric eels (D:13)
  8 lava snakes (Volcano)
  5 jellies
  A gnoll bouda (Orc:2)
  15 orc priests
  A hound (D:5)
  3 iguanas
  7 scorpion zombies (Ossuary)
  Ijyb (D:5)
  3 sleepcaps
  25 orc wizards
  A wolf simulacrum (IceCv)
  5 ogre zombies (D:9)
  4 mummies
  16 gnolls
  A river rat (Lair:2)
  10 adders
  3 ufetubi (D:5)
  2 worms
  2 dart slugs
  53 orcs
  A bat (D:1)
  3 endoplasms (D:1)
  3 giant cockroaches
  7 goblins
  6 hobgoblins
  5 jackals (D:4)
  17 kobolds
  2 ball pythons
  4 frilled lizards
  A gnoll zombie (Ossuary)
  3 goblin zombies
  A hobgoblin skeleton (D:9)
  9 hobgoblin zombies
  A kobold zombie (Ossuary)
  2 orc skeletons (D:9)
  19 orc zombies
  4 rats
798 creatures vanquished.

Vanquished Creatures (others)
  A polar bear (D:11)
  3 killer bees (D:10)
4 creatures vanquished.

Grand Total: 802 creatures vanquished

Notes
Turn   | Place    | Note
-------+----------+-------------------------------------------
     0 | D:1      | Kallu the Demigod Conjurer began the quest for the Orb.
     0 | D:1      | Reached XP level 1. HP: 14/14 MP: 5/5
   178 | D:1      | Reached skill level 2 in Spellcasting
   361 | D:1      | Reached XP level 2. HP: 22/22 MP: 4/7
   651 | D:2      | Learned a level 2 spell: Searing Ray
   700 | D:2      | Found Fyx Emalu's Book Shoppe.
   723 | D:2      | Reached skill level 1 in Fighting
   730 | D:2      | Reached XP level 3. HP: 20/28 MP: 2/9
  1246 | D:3      | Learned a level 3 spell: Swiftness
  1387 | D:3      | Reached XP level 4. HP: 35/35 MP: 4/11
  1444 | D:3      | Reached skill level 3 in Spellcasting
  2096 | D:4      | Found a staircase to the Ecumenical Temple.
  2173 | D:4      | Found Lavezafo's Distillery.
  2454 | D:4      | Found a sand-covered staircase.
  2539 | Ossuary  | Entered an ossuary
  2576 | Ossuary  | Reached skill level 1 in Air Magic
  2576 | Ossuary  | Reached XP level 5. HP: 28/41 MP: 1/13
  2843 | Ossuary  | Reached XP level 6. HP: 45/50 MP: 5/15
  2851 | Ossuary  | Reached skill level 4 in Spellcasting
  3070 | Ossuary  | Reached skill level 5 in Conjurations
  3329 | Ossuary  | Reached XP level 7. HP: 36/57 MP: 4/16
  4071 | D:5      | Entered Level 5 of the Dungeon
  4112 | D:5      | Noticed Ijyb
  4119 | D:5      | Killed Ijyb
  4524 | D:5      | Reached XP level 8. HP: 66/66 MP: 7/17
  4808 | D:5      | Noticed Sigmund
  4815 | D:5      | Learned a level 4 spell: Iskenderun's Mystic Blast
  4826 | D:5      | Killed Sigmund
  4827 | D:5      | Reached skill level 5 in Spellcasting
  6270 | D:6      | Reached skill level 6 in Spellcasting
  6396 | D:6      | Learned a level 2 spell: Blink
  6740 | D:7      | Reached skill level 7 in Spellcasting
  7005 | D:7      | Reached XP level 9. HP: 71/71 MP: 17/23
  7450 | D:7      | Reached skill level 8 in Spellcasting
  7586 | D:7      | Learned a level 4 spell: Airstrike
  7724 | D:8      | Reached skill level 9 in Spellcasting
  8115 | D:7      | Noticed Prince Ribbit
  8119 | D:7      | Killed Prince Ribbit
  8254 | D:7      | Reached XP level 10. HP: 79/79 MP: 22/28
  8797 | D:8      | Reached skill level 10 in Spellcasting
  9168 | D:8      | Reached skill level 5 in Fighting
 10059 | D:9      | Noticed a two-headed ogre
 10066 | D:9      | Killed a two-headed ogre
 10067 | D:9      | Reached skill level 5 in Stealth
 10071 | D:9      | Reached skill level 1 in Evocations
 10379 | D:9      | Found a staircase to the Orcish Mines.
 10713 | D:9      | Reached skill level 1 in Translocations
 10999 | D:9      | Noticed a centaur warrior
 11000 | D:9      | Noticed a centaur warrior
 11023 | D:10     | Entered Level 10 of the Dungeon
 11374 | D:10     | Noticed a two-headed ogre
 11383 | D:10     | Killed a two-headed ogre
 11551 | D:10     | Noticed a death yak
 11561 | D:10     | Noticed a death yak
 11562 | D:10     | Noticed a death yak
 11562 | D:10     | Noticed a death yak
 11637 | D:9      | Noticed a brown ugly thing
 11637 | D:9      | Noticed a manticore
 11637 | D:9      | Noticed a green ugly thing
 11850 | D:9      | Killed a centaur warrior
 11851 | D:9      | Reached XP level 11. HP: 89/89 MP: 11/30
 11936 | D:9      | Reached skill level 11 in Spellcasting
 12282 | D:9      | Identified the staff of cold "Ceenan" {rElec rC+ Int-5
                  | Dex+4}
 12721 | D:9      | Killed a centaur warrior
 12899 | D:9      | Reached skill level 12 in Spellcasting
 13096 | D:9      | Noticed a catoblepas
 13109 | D:9      | Killed a catoblepas
 13532 | D:9      | Noticed Maggie
 13535 | D:9      | Killed Maggie
 13674 | D:9      | Got the Secrets of the Black Widow and Accelerants
 13853 | D:9      | Learned a level 5 spell: Irradiate
 14305 | D:9      | Killed a death yak
 14306 | D:9      | Reached skill level 13 in Spellcasting
 14397 | D:10     | Reached skill level 1 in Fire Magic
 14892 | D:10     | Found a staircase to the Lair.
 14928 | D:10     | Noticed a death yak
 14943 | D:10     | Killed a death yak
 15352 | Lair:1   | Entered Level 1 of the Lair of Beasts
 15398 | D:10     | Killed a death yak
 15638 | Lair:1   | Reached XP level 12. HP: 96/96 MP: 21/34
 16100 | Lair:1   | Learned a level 6 spell: Starburst
 17048 | Lair:2   | Found a staircase to the Shoals.
 17159 | Lair:2   | Reached skill level 14 in Spellcasting
 17365 | Lair:2   | Found a hole to the Spider Nest.
 18190 | Lair:2   | Reached skill level 5 in Fire Magic
 19665 | Lair:3   | Noticed a six-headed hydra
 19668 | Lair:3   | Killed a six-headed hydra
 20639 | Lair:3   | Reached skill level 15 in Spellcasting
 20968 | Lair:4   | Found a dark tunnel.
 20981 | Volcano  | Entered a volcano
 21369 | Volcano  | Noticed a centaur warrior
 21371 | Volcano  | Killed a centaur warrior
 21372 | Volcano  | Reached XP level 13. HP: 58/102 MP: 24/37
 22813 | Lair:5   | Entered Level 5 of the Lair of Beasts
 22821 | Lair:5   | Reached skill level 5 in Dodging
 23912 | Lair:5   | Noticed a dire elephant
 24048 | Lair:5   | Killed a dire elephant
 25383 | Lair:5   | Found a staircase to the Slime Pits.
 26384 | Lair:5   | Learned a level 4 spell: Passage of Golubria
 26671 | D:11     | Found a frozen archway.
 26681 | D:11     | Reached skill level 1 in Armour
 26804 | IceCv    | Entered an ice cave
 26891 | IceCv    | Found a transporter.
 26897 | IceCv    | Found the +5 woodcutter's axe
 26907 | IceCv    | Found a transporter.
 27740 | D:11     | Reached XP level 14. HP: 78/115 MP: 6/38
 29493 | D:12     | Learned a level 5 spell: Arcjolt
 29686 | D:12     | Noticed Erolcha
 29689 | D:12     | Killed Erolcha
 30107 | D:13     | Reached skill level 10 in Conjurations
 30773 | D:13     | Found a transporter.
 31242 | D:13     | Found a transporter.
 31294 | D:14     | Noticed Lodul
 31297 | D:14     | Noticed Azrael
 31377 | D:14     | Found a transporter.
 31397 | D:14     | Noticed jaiteiro's ghost (journeyman DEEE)
 31801 | D:14     | Killed Azrael
 31802 | D:14     | Reached skill level 1 in Summonings
 31940 | D:14     | Reached skill level 5 in Air Magic
 32199 | D:14     | Found a gate to the Vaults.
 32199 | D:14     | Noticed an ironbound preserver
 32207 | D:14     | Killed an ironbound preserver
 32339 | D:14     | Noticed Frances
 32634 | Orc:1    | Entered Level 1 of the Orcish Mines
 32854 | Orc:1    | Noticed Harold
 32860 | Orc:1    | Killed Harold
 32930 | Orc:1    | Found Cegis's Firing Range.
 33036 | Orc:1    | Found a runed translucent gate.
 33036 | Orc:1    | Found a runed translucent gate.
 33036 | Orc:1    | Found a runed translucent gate.
 33037 | Orc:1    | Noticed Udulij's ghost (journeyman MiFi)
 33079 | Orc:1    | Killed Udulij's ghost
 33545 | Orc:1    | Identified the staff of cold "Vucet" {*Corrode +Blink rPois
                  | rC+ Stlth+}
 33627 | Orc:2    | Entered Level 2 of the Orcish Mines
 33627 | Orc:2    | Noticed an orc warlord
 34029 | Orc:2    | Noticed an orc warlord
 34070 | Orc:2    | Killed an orc warlord
 34071 | Orc:2    | Reached XP level 15. HP: 123/123 MP: 2/40
 34443 | Orc:2    | Found Tadgh's Distillery.
 34445 | Orc:2    | Found a staircase to the Elven Halls.
 34467 | Orc:2    | Bought a potion of heal wounds for 65 gold pieces
 34467 | Orc:2    | Bought a potion of curing for 39 gold pieces
 34467 | Orc:2    | Bought a potion of invisibility for 104 gold pieces
 34866 | Orc:2    | Paralysed by an orc sorcerer for 5 turns
 34935 | Orc:2    | Found Zeyqal's Book Boutique.
 34935 | Orc:2    | Found Axezaorgh's General Store.
 34936 | Orc:2    | Found Exzuhat's Weapon Shoppe.
 34936 | Orc:2    | Found Owiujaej's Weapon Shoppe.
 34958 | Orc:2    | Bought a scroll of teleportation for 33 gold pieces
 34958 | Orc:2    | Bought a scroll of identify for 22 gold pieces
 34958 | Orc:2    | Bought a scroll of identify for 22 gold pieces
 35065 | Orc:2    | Bought a potion of curing for 33 gold pieces
 35077 | Orc:2    | Bought a book of Power for 420 gold pieces
 35117 | Elf:1    | Entered Level 1 of the Elven Halls
 35118 | Elf:1    | Paralysed by an air elemental for 1 turns
 35121 | Elf:1    | Paralysed by an air elemental for 1 turns
 35265 | Elf:1    | Reached skill level 1 in Earth Magic
 35847 | Elf:1    | Got the Spellbook of Bones
 36962 | Elf:2    | Paralysed by an air elemental for 1 turns
 37039 | Elf:2    | Identified the +2 chain mail of Indomitability {Will+}
 37376 | Elf:2    | Reached skill level 5 in Earth Magic
 37393 | Elf:3    | Entered Level 3 of the Elven Halls
 37846 | Elf:2    | Learned a level 6 spell: Iron Shot
 38161 | Elf:2    | Found a huge runed translucent gate.
 38161 | Elf:2    | Found a huge runed translucent gate.
 38161 | Elf:2    | Found a huge runed translucent gate.
 38161 | Elf:2    | Found a huge runed translucent gate.
 38700 | Elf:2    | Found a huge runed translucent gate.
 38786 | Elf:3    | Paralysed by an air elemental for 1 turns
 39006 | Elf:3    | Paralysed by an air elemental for 1 turns
 39548 | Elf:3    | Found a portal to a secret trove of treasure.
 39594 | Elf:3    | Found Fax Ovva's General Store.
 39603 | Elf:3    | Bought a wand of digging (2) for 126 gold pieces
 39926 | Elf:3    | Reached XP level 16. HP: 133/133 MP: 19/41
 40119 | Elf:3    | Killed from afar by a deep elf annihilator

Illustrated notes

Levels and vault maps discovered:
D:1:      nicolae_arrival_memento_mori, layout_rooms
D:2:      layout_rooms, serial_shops, shop, minmay_circle_x
D:3:      layout_rooms
D:4:      layout_gridville, minmay_temple_entry_gardened_gates,
          gup_ossuary_entry_pyramid, serial_shops,
          nicolae_shop_industrial_runoff
D:5:      layout_loops_ring, tso_altar, kennysheep_generic_room_13,
          uniq_sigmund, uniq_ijyb
D:6:      layout_loops_ring
D:7:      layout_layer_cave, uniq_prince_ribbit1
D:8:      layout_loops_ring, kiku_gazebo_garden_becter
D:9:      minmay_cut_squares, layout_small_grid, zombieorc2_lemuel, uniq_maggie
D:10:     layout_loops_ring, mainiacjoe_overflow_small_starburst,
          dpeg_lair_monsters
D:11:     minmay_razor_zed, layout_irregular_city,
          portal_ice_cave_entry_animals_and_master
D:12:     layout_big_octagon, uniq_erolcha
D:13:     emtedronai_trogs_sanctum, layout_basic
D:14:     layout_long_grid, skrybe_vaults_entry_preservation,
          gammafunk_ghost_stat_death, minmay_the_grid_square_5x5_3x3_mashed
          [minmay_the_grid_square_5x5_inverted_slash,
          minmay_the_grid_square_5x5_bracketed,
          minmay_the_grid_square_5x5_almost_minimal,
          minmay_the_grid_square_5x5_gyroscope,
          minmay_the_grid_square_5x5_megaprize_open,
          minmay_the_grid_square_5x5_longway, minmay_the_grid_square_5x5_empty,
          minmay_the_grid_square_5x5_misaligned,
          minmay_the_grid_square_5x5_inset], uniq_frances, uniq_lodul,
          uniq_azrael
Lair:1:   layout_cave_pods
Lair:2:   regret_index_wax_grids, layout_regular_city, elwin_shoals_entry_rocks,
          nicolae_spider_entry_lesser_pyramids, lemuel_fruit_fields
Lair:3:   layout_cave_pods
Lair:4:   layout_hall_layers, enter_volcano_3, beast_lair_carwin_5,
          lemuel_fruit_tree
Lair:5:   hangedman_lair_in_review, layout_cellular_growth,
          nicolae_slime_entry_field_trip, chequers_serial_rivers_micro_a,
          st_stairs_10
Orc:1:    layout_caves, ebering_ghost_rock_garden, nicolae_shop_firing_range,
          uniq_harold
Orc:2:    st_orc_elflike, layout_caves, serial_shops,
          nicolae_shop_industrial_runoff
Elf:1:    nicolae_elf_arrival_aired_out, layout_geoelf_grid,
          minmay_elf_necromancy
Elf:2:    elven_hall_of_blades_hangedman_alternative
          [nicolae_blade_entry_antechamber], layout_loops_cross, serial_sigils,
          serial_sigils_hangedman_quiver, serial_sigils_hangedman_quiver,
          serial_sigils_hangedman_gnaw, serial_sigils_hangedman_snap
Elf:3:    nooodl_elf_gasket, layout_loops_corners, serial_shops,
          nicolae_lakefront_shop, nicolae_trove_entry_columns

Skill      XL: |  1  2  3  4  5  6  7  8  9 10 11 12 13 14 15 16 |
---------------+-------------------------------------------------+-----
Spellcasting   | 2 3 4 7 9 10 13 15 | 15.5
Fighting       | 1 2 3 4 6 8 9 |  9.6
Conjurations   | 4 5 6 8 11 | 11.5
Air Magic      | 1 2 4 5 8 |  8.0
Dodging        | 3 4 8 9 |  9.3
Stealth        | 5 |  5.0
Evocations     | 2 |  2.0
Translocations | 2 |  2.0
Fire Magic     | 2 6 |  6.0
Armour         | 2 4 |  4.0
Summonings     | 4 |  4.0
Earth Magic    | 7 8 |  8.0

Action                     |  1- 3 |  4- 6 |  7- 9 | 10-12 | 13-15 | 16-18 || total
---------------------------+-------+-------+-------+-------+-------+-------++-------
  Melee: Staff             |    10 |    10 |       |    12 |   127 |       ||   159
         Long sword        |       |    62 |    46 |       |       |       ||   108
         Punch             |       |     3 |       |       |     2 |       ||     5
         Scimitar          |       |       |     1 |     9 |       |       ||    10
         Great sword       |       |       |       |    65 |     2 |       ||    67
         Flail             |       |       |       |     5 |       |       ||     5
         Demon whip        |       |       |       |       |    18 |       ||    18
   Cast: Magic Dart        |    63 |    44 |    45 |    23 |       |       ||   175
         Searing Ray       |     1 |    24 |    61 |    61 |       |       ||   147
         Airstrike         |       |       |     3 |   279 |   504 |     8 ||   794
         Blink             |       |       |       |     5 |     4 |       ||     9
         Swiftness         |       |       |       |     5 |     3 |       ||     8
         Iskenderun's Myst |       |       |       |     2 |       |       ||     2
         Irradiate         |       |       |       |    12 |    64 |     2 ||    78
         Starburst         |       |       |       |    15 |   116 |     1 ||   132
         Arcjolt           |       |       |       |       |    28 |       ||    28
         Passage of Golubr |       |       |       |       |     1 |       ||     1
  Evoke: Wand              |       |     3 |       |     6 |     5 |       ||    14
         Phial of floods   |       |       |       |       |     1 |       ||     1
         Condenser vane    |       |       |       |       |     1 |       ||     1
    Use: Scroll            |       |       |    11 |    12 |    25 |       ||    48
         Potion            |       |       |       |     7 |     6 |       ||    13
   Stab: Sleeping          |       |       |     2 |     1 |     4 |       ||     7
 Armour: Robe              |     4 |    17 |    30 |    55 |    21 |       ||   127
         Leather armour    |       |       |       |       |    45 |       ||    45
  Dodge: Dodged            |    21 |    65 |   108 |   191 |   211 |     1 ||   597
         Repelled          |       |       |       |     3 |       |       ||     3
  Block: Other             |       |    28 |    36 |    83 |    23 |       ||   170
         Reflection        |       |       |     2 |     2 |     2 |       ||     6
